Map: [ESL] Site Delta

Players

ONSYDESolar (Solar)

  • Race: Zerg Zerg
  • Spawn Location: 5:00

MaxPax - Winner!

  • Race: Protoss Protoss
  • League: Master
  • Spawn Location: 11:00

VOD

Have the link to the VOD?

Description

Time

  • Played on: Nov. 28, 2023, 5:55 a.m.
  • Length: 10:49
Show
View Real Time Build Order
Export as new Build Order

ONSYDESolar Zerg 

Build Orders: Hatch First 

Get SALT Encoding   

  12  0:00  Drone  
  13  0:12  Overlord  
  13  0:17  Drone  
  14  0:31  Drone x2  
  16  0:47  Hatchery  
  15  0:51  Drone  
  15  0:55  Drone  
  17  0:58  Drone  
  18  1:10  Extractor  
  17  1:14  Spawning Pool  
  17  1:16  Drone  
  17  1:20  Drone  
  18  1:28  Drone  
  19  1:39  Drone  
  20  1:50  Overlord  
  20  2:01  Queen x2  
  20  2:02  Zergling x4  
  26  2:11  Drone  
  26  2:12  Drone  
  26  2:14  Metabolic Boost  
  28  2:24  Drone x2  
  30  2:36  Hatchery  
  29  2:38  Zergling x2  
  30  2:44  Queen  
  30  2:49  Overlord  
  32  2:52  Drone  
  32  2:56  Zergling x2  
  32  2:57  Drone  
  35  3:00  Drone  
  36  3:07  Zergling x4  
  36  3:11  Queen  
  40  3:19  Drone x4  
  42  3:27  Drone  
  43  3:28  Overlord  
  42  3:39  Spore Crawler, Queen, Drone  
  43  3:47  Drone  
  44  3:49  Queen  
  44  3:50  Zergling x2  
  44  3:54  Drone x2  
  44  3:55  Drone  
  50  3:59  Drone x3  
  52  4:05  Drone x2  
  52  4:09  Drone  
  53  4:14  Overlord  
  53  4:15  Drone  
  53  4:16  Drone  
  55  4:20  Drone  
  55  4:21  Spore Crawler  
  55  4:24  Drone  
  55  4:25  Drone x2  
  57  4:35  Queen  
  57  4:37  Drone x2  
  57  4:38  Drone x3  
  64  4:41  Drone, Evolution Chamber  
  64  4:43  Drone  
  65  4:46  Drone  
  65  4:48  Overlord  
  65  4:50  Overlord  
  66  4:55  Overlord  
  66  5:00  Spore Crawler, Extractor  
  66  5:04  Drone x3  
  67  5:07  Drone x6  
  73  5:16  Zerg Melee Weapons Level 1  
  73  5:21  Zergling x16  
  81  5:23  Drone x2  
  83  5:34  Drone x2  
  85  5:38  Hatchery  
  85  5:39  Overlord  
  85  5:41  Lair  
  84  5:44  Drone x2  
  84  5:45  Drone  
  84  5:47  Drone x2  
  89  5:51  Roach Warren, Extractor  
  89  5:52  Extractor  
  89  5:53  Drone x2  
  89  5:56  Drone  
  89  5:57  Drone x3  
  90  5:58  Drone  
  90  5:59  Drone  
  90  6:00  Hatchery  
  90  6:01  Drone x2  
  94  6:07  Zergling x6  
  95  6:13  Extractor  
  95  6:17  Zergling x4, Extractor  
  91  6:18  Overlord  
  91  6:19  Drone x5  
  91  6:27  Zergling x2  
  91  6:29  Drone x3  
  91  6:31  Zergling x4  
  95  6:41  Overlord, Glial Reconstitution  
  95  6:42  Drone x2  
  97  6:47  Overlord  
  97  6:49  Roach x2  
  97  6:52  Roach x2  
  105  6:57  Spire  
  105  6:58  Roach  
  105  6:59  Overlord  
  110  7:01  Roach x5  
  110  7:04  Overlord  
  110  7:06  Overseer  
  110  7:07  Overseer  
  114  7:09  Roach x2  
  114  7:13  Roach  
  114  7:14  Extractor  
  121  7:15  Roach  
  121  7:16  Roach x3  
  121  7:18  Roach  
  129  7:23  Roach  
  129  7:28  Roach x3  
  129  7:29  Overlord  
  136  7:31  Roach x4  
  136  7:35  Queen  
  140  7:41  Roach x4  
  133  7:47  Zergling x10  
  133  7:50  Zergling x4  
  123  7:54  Drone x2  
  123  8:07  Overlord x2  
  123  8:10  Mutalisk x3  
  129  8:14  Hatchery  
  129  8:18  Mutalisk x3  
  132  8:24  Mutalisk x2  
  131  8:27  Drone x4  
  131  8:31  Zerg Missile Weapons Level 1  
  131  8:33  Drone x3  
  137  8:39  Overlord  
  137  8:40  Roach x2  
  141  8:43  Ravager x2  
  143  8:49  Zergling x12  
  143  8:54  Drone x2  
  151  8:55  Baneling Nest, Ravager  
  151  8:59  Zergling x6  
  151  9:02  Roach  
  153  9:04  Ravager  
  154  9:10  Roach x4  
  154  9:12  Roach  
  154  9:16  Ravager  
  165  9:21  Overlord  
  165  9:22  Overlord  
  157  9:28  Roach x2  
  157  9:29  Roach x4  
  145  9:31  Roach x2  
  145  9:36  Roach x2  
  127  9:38  Queen  
  127  9:41  Roach x3  
  127  9:42  Roach  
  127  9:43  Zergling x2  
  121  9:46  Roach  
  121  9:50  Roach x2  
  121  9:53  Roach x3  
  121  9:57  Zergling x6  
  128  10:02  Roach x2  
  120  10:07  Zergling x2  
  120  10:08  Zergling x6  
  120  10:11  Ravager  
  120  10:13  Roach  
  126  10:14  Zergling x2  
  126  10:19  Roach  
  126  10:20  Roach  
  124  10:26  Roach  
  124  10:27  Roach  
  98  10:30  Roach  
Show
View Real Time Build Order
Export as new Build Order

MaxPax Protoss - Winner!

Build Orders: 1 Gate Expand, Oracle Opening, Zealot Archon 

Get SALT Encoding   

  12  0:00  Probe  
  13  0:12  Probe  
  14  0:19  Pylon  
  14  0:24  Probe  
  15  0:37  Probe (Chrono Boost)  
  15  0:40  Gateway  
  16  0:47  Probe (Chrono Boost)  
  16  0:48  Assimilator  
  17  0:52  Probe (Chrono Boost)  
  18  1:04  Probe  
  19  1:16  Probe  
  20  1:26  Nexus  
  20  1:36  Cybernetics Core  
  20  1:40  Probe  
  20  1:46  Assimilator  
  21  1:52  Probe  
  22  1:55  Pylon  
  22  2:05  Probe  
  23  2:10  Adept (Chrono Boost)  
  25  2:17  Probe  
  25  2:18  Stargate  
  26  2:27  Warp Gate  
  27  2:30  Adept (Chrono Boost), Probe (Chrono Boost)  
  29  2:39  Probe (Chrono Boost)  
  31  2:47  Probe (Chrono Boost)  
  31  2:48  Probe (Chrono Boost)  
  32  2:53  Adept, Probe x2 (Chrono Boost)  
  36  3:01  Oracle (Chrono Boost)  
  36  3:05  Probe  
  40  3:07  Probe  
  40  3:11  Pylon  
  41  3:17  Probe  
  41  3:19  Probe  
  43  3:29  Gateway, Probe  
  43  3:31  Probe  
  43  3:33  Oracle (Chrono Boost)  
  48  3:41  Probe  
  48  3:43  Probe  
  50  3:53  Probe  
  50  3:55  Probe  
  52  4:02  Oracle  
  50  4:06  Probe  
  50  4:07  Probe  
  50  4:09  Assimilator  
  53  4:10  Assimilator  
  53  4:12  Nexus  
  53  4:16  Pylon  
  53  4:18  Probe  
  53  4:24  Pylon  
  54  4:33  Probe  
  54  4:34  Adept  
  54  4:35  Adept  
  54  4:36  Probe  
  58  4:45  Probe (Chrono Boost)  
  59  4:48  Probe (Chrono Boost)  
  59  4:49  Forge, Twilight Council  
  60  4:57  Probe (Chrono Boost)  
  60  4:59  Probe (Chrono Boost)  
  62  5:02  Probe (Chrono Boost)  
  62  5:03  Probe (Chrono Boost)  
  64  5:11  Probe  
  65  5:15  Probe  
  65  5:18  Adept  
  68  5:22  Protoss Ground Weapons Level 1 (Chrono Boost)  
  68  5:23  Probe  
  68  5:24  Gateway  
  68  5:25  Robotics Facility  
  68  5:26  Charge  
  68  5:27  Probe  
  70  5:28  Gateway, Probe  
  70  5:29  Gateway  
  70  5:32  Gateway  
  70  5:33  Templar Archives  
  71  5:35  Probe  
  71  5:39  Probe (Chrono Boost)  
  71  5:40  Probe (Chrono Boost)  
  74  5:45  Assimilator  
  74  5:46  Assimilator  
  74  5:48  Probe (Chrono Boost)  
  75  5:51  Probe (Chrono Boost)  
  75  5:53  Probe (Chrono Boost)  
  75  5:55  Zealot  
  75  5:56  Gateway  
  80  5:57  Stalker  
  80  5:58  Gateway, Probe (Chrono Boost)  
  80  5:59  Shield Battery  
  77  6:12  Probe  
  77  6:16  Zealot  
  77  6:17  Probe  
  74  6:22  Zealot x2  
  74  6:23  Probe  
  74  6:25  Probe  
  79  6:29  High Templar x2  
  79  6:30  Zealot  
  85  6:35  Warp Prism (Chrono Boost)  
  85  6:36  Archon, Pylon  
  85  6:38  Pylon  
  85  6:39  Pylon  
  83  6:45  Probe x2  
  83  6:46  Shield Battery  
  85  6:48  Pylon  
  86  6:54  High Templar x2, Probe  
  86  6:56  Zealot x4  
  86  6:57  Probe  
  86  6:59  Archon  
  86  7:00  Probe  
  100  7:05  Robotics Bay  
  100  7:06  Probe  
  100  7:07  Zealot x2, Observer  
  106  7:10  Probe  
  107  7:19  Pylon  
  107  7:27  Zealot  
  107  7:29  Zealot x4  
  117  7:34  Zealot x2  
  112  7:38  Zealot  
  112  7:41  Probe  
  103  7:47  Zealot  
  97  7:56  Zealot x2  
  97  7:58  Immortal (Chrono Boost)  
  92  8:01  Protoss Ground Weapons Level 2 (Chrono Boost)  
  92  8:05  Gateway  
  94  8:07  Gateway, High Templar x2  
  94  8:08  High Templar x2  
  94  8:09  Zealot, Sentry  
  104  8:13  Archon x2  
  104  8:15  Probe  
  104  8:17  Probe  
  104  8:25  Zealot x2  
  106  8:33  High Templar x2  
  110  8:37  Photon Cannon  
  110  8:38  Photon Cannon  
  110  8:43  Archon  
  110  8:44  High Templar x4  
  110  8:48  Nexus  
  118  8:49  Archon x2  
  118  8:51  Zealot x2, Pylon  
  123  8:58  Observer  
  123  9:02  Pylon  
  122  9:04  Stalker x2  
  123  9:10  Stalker x2  
  123  9:13  Phoenix (Chrono Boost)  
  123  9:15  Stalker x2  
  132  9:21  Stalker x2  
  136  9:28  Zealot x4  
  127  9:36  Stalker x2  
  98  9:45  Zealot x4  
  88  10:03  High Templar x2  
  88  10:05  Stalker x2  
  94  10:07  Archon  
  93  10:23  Zealot x5  
  95  10:30  Zealot x2  
Tags
 
Add a new tag
Caveats
  • Supply blocks, unpowered buildings, or Contaminate may cause inaccurate times.
  • Supply counts are checked every 10 seconds.